 Dungeon Crawl Stone Soup version 0.22-a0-542-gce4f928 (webtiles) character file.

1420 kuniqs the Covered (level 8, -7/73 HPs)
             Began as a Deep Dwarf Fighter on June 24, 2018.
             Was a Believer of Makhleb.
             Mangled by an orc warrior
             ... wielding a +0 long sword
              (13 damage)
             ... on level 6 of the Dungeon.
             The game lasted 00:09:31 (4037 turns).

kuniqs the Covered (Deep Dwarf Fighter)             Turns: 4037, Time: 00:09:32

Health: -7/73      AC: 11    Str: 26    XL:     8   Next: 43%
Magic:  8/8        EV:  8    Int: 10    God:    Makhleb [**....]
Gold:   317        SH: 11    Dex: 12    Spells: 7/7 levels left

rFire    . . .     SeeInvis .   a - +0 war axe
rCold    . . .     Gourm    .   c - +0 shield
rNeg     . . .     Faith    .   h - +0 chain mail
rPois    .         Spirit   .   (no helmet)
rElec    .         Reflect  .   e - +0 cloak
rCorr    .         Harm     .   (no gloves)
MR       +....                  (no boots)
Stlth    ..........             (no amulet)
HPRegen  0.00/turn              (no ring)
MPRegen  0.11/turn              (no ring)

@: mighty, non-regenerating
A: damage resistance, heal wounds, sense surroundings 1, no regeneration
a: Heal Wounds, Minor Destruction, Renounce Religion


You were on level 6 of the Dungeon.
You worshipped Makhleb.
Makhleb was pleased with you.
You were not hungry.

You visited 1 branch of the dungeon, and saw 6 of its levels.

You collected 317 gold pieces.

Inventory:

Hand Weapons
 a - a +0 war axe (weapon)
Missiles
 q - 3 javelins (quivered)
Armour
 c - a +0 shield (worn)
 e - a +0 cloak (worn)
 h - a +0 chain mail (worn)
Wands
 o - a wand of random effects (29)
Scrolls
 g - a scroll of enchant weapon {unknown}
 i - a scroll of enchant armour
 j - a scroll of immolation
 l - a scroll of remove curse {@r2}
 r - 2 scrolls of fear {unknown}
Potions
 b - a potion of cancellation
 d - a potion of might
 k - a potion of brilliance {unknown}
 n - a potion of mutation {unknown}
 p - 3 potions of curing {unknown}
 s - a potion of flight {unknown}
Comestibles
 f - 14 rations
 m - 5 chunks of flesh


   Skills:
 + Level 4.8 Fighting
 + Level 5.1 Axes
 + Level 5.8 Armour
 + Level 4.5 Dodging
 + Level 5.8 Shields
 + Level 4.3 Invocations


You had 7 spell levels left.
You didn't know any spells.
Your spell library was empty.

Dungeon Overview and Level Annotations

Branches:
Dungeon (6/15)             Temple (0/1) D:4

Altars:
Ashenzari
Hepliaklqana
Makhleb
Trog

Shops:
D:5 %


Innate Abilities, Weirdness & Mutations

You are resistant to damage.
You can heal yourself by infusing magical energy.
You passively map a small area around you.
You do not regenerate.


Message History

The two-headed ogre hits you with a giant club!!
* * * LOW HITPOINT WARNING * * *
The two-headed ogre hits you but does no damage.
You feel much better.
You hear some strange, mumbled words.
A magic dart appears from out of thin air!
The magic dart hits you! You block the orc warrior's attack.
You feel much better.
The two-headed ogre hits you with a giant club!
The two-headed ogre closely misses you. Something hits you but does no damage.
The orc warrior closely misses you.
You feel much better. Something hits you but does no damage.
You block the two-headed ogre's attack. The two-headed ogre closely misses you.
The orc warrior closely misses you.
You hit the two-headed ogre. You barely miss something.
You closely miss the orc warrior. You block something's attack.
The two-headed ogre hits you with a giant club!! x2
* * * LOW HITPOINT WARNING * * *
The orc warrior hits you with a long sword!
You die...

...'...................(......>#
...####.#....####.###.####.######
#.....#.#....# #.# #......<.....
#####.#.#....####.# #.###..######
#####.#...)..#....# #.# #..#....#
+................(# #.# #.......#
#####......#.#....# #.# #.##.####
######.##.(O..#*#.# #.##.# * #.#
#.{@o# #.# #....# #.#
##)#.##..########* * #.#
###..#..#.. , #.# #..#..#.# * *
#...#.#.# #.#...#.# #.#...#.# ,
#.##..#.# * #.......#


You could see a two-headed ogre and an orc warrior.

Vanquished Creatures
  A black bear (D:6)
  An ice beast (D:6)
  An ogre (D:5)
  A bullfrog (D:6)
  6 big kobolds (D:4)
  A scorpion (D:4)
  A howler monkey (D:5)
  A centaur zombie (D:5)
  A hound (D:3)
  4 orc wizards
  A bullfrog skeleton (D:6)
  2 worker ants
  Terence (D:3)
  A hound zombie (D:4)
  A worker ant zombie (D:6)
  3 gnolls (D:4)
  10 adders
  An ooze (D:3)
  4 worms
  5 dart slugs
  3 leopard geckos
  19 orcs
  2 ball pythons (D:1)
  7 bats
  3 giant cockroaches
  3 goblins
  10 hobgoblins
  13 jackals
  A quokka (D:2)
  4 frilled lizards
  48 kobolds
  8 rats
168 creatures vanquished.

Vanquished Creatures (others)
  An orc wizard (D:3)
1 creature vanquished.

Grand Total: 169 creatures vanquished

Notes
Turn   | Place    | Note
-------+----------+-------------------------------------------
     0 | D:1      | kuniqs the Deep Dwarf Fighter began the quest for the Orb.
     0 | D:1      | Reached XP level 1. HP: 20/20 MP: 1/1
    99 | D:1      | Reached XP level 2. HP: 24/27 MP: 2/2
   288 | D:1      | Reached skill level 1 in Dodging
   337 | D:1      | Reached XP level 3. HP: 23/34 MP: 3/3
   892 | D:2      | Found a faded altar of an unknown god.
  1152 | D:2      | Reached XP level 4. HP: 38/42 MP: 4/4
  1617 | D:3      | Reached XP level 5. HP: 26/49 MP: 4/4
  1735 | D:3      | Noticed Terence
  1740 | D:3      | Killed Terence
  2112 | D:3      | Reached XP level 6. HP: 52/56 MP: 4/4
  2116 | D:3      | Found a burning altar of Makhleb.
  2124 | D:3      | Became a worshipper of Makhleb the Destroyer
  2219 | D:4      | Found a staircase to the Ecumenical Temple.
  2370 | D:4      | Reached skill level 1 in Invocations
  2657 | D:4      | Reached * piety under Makhleb
  2688 | D:4      | Reached XP level 7. HP: 60/64 MP: 5/5
  2730 | D:4      | Reached skill level 5 in Armour
  2805 | D:4      | Reached skill level 5 in Shields
  2830 | D:4      | Reached ** piety under Makhleb
  3259 | D:5      | Entered Level 5 of the Dungeon
  3420 | D:5      | Reached XP level 8. HP: 71/73 MP: 7/7
  3548 | D:5      | Found a bloodstained altar of Trog.
  3727 | D:5      | Found a shattered altar of Ashenzari.
  3727 | D:5      | Found a hazy altar of Hepliaklqana.
  3763 | D:5      | Found Seot's Food Boutique.
  3787 | D:5      | Noticed a two-headed ogre
  3966 | D:6      | Reached skill level 5 in Axes
  4026 | D:6      | Noticed a two-headed ogre
  4037 | D:6      | Mangled by an orc warrior

Vault maps used:
D:1:      saegor_arrival_miasma, st_stairs_14
D:2:      chequers_ecumenical_altar_island
D:3:      makhleb_heckhound_becter, uniq_terence
D:4:      minmay_goblin_kobold_castle, temple_fountains, first_ration
D:5:      overflow_temple_1_default, kennysheep_little_box,
          gammafunk_temple_overflow_statue, serial_shops, nicolae_shop_crystal,
          nrook_uturn, hangedman_decor_riveting
D:6:      gammafunk_ghost_grave, serial_shops, nicolae_shop_behind_doors, shop

Skill      XL: |  1  2  3  4  5  6  7  8 |
---------------+-------------------------+-----
Dodging        | 1 2 3 4 |  4.5
Fighting       | 3 4 |  4.8
Axes           | 3 4 5 |  5.1
Armour         | 4 5 |  5.8
Shields        | 4 5 |  5.8
Invocations    | 2 3 4 |  4.3

Action                   |  1- 3 |  4- 6 |  7- 9 || total
-------------------------+-------+-------+-------++-------
Melee: War axe           |   128 |   307 |   176 ||   611
Invok: Minor Destruction |       |       |     6 ||     6
 Abil: Heal Wounds       |     1 |     7 |     4 ||    12
  Use: Scroll            |       |     7 |       ||     7
       Potion            |       |       |     1 ||     1
  Eat: Chunk             |     1 |     6 |     5 ||    12
Armor: Scale mail        |    77 |    89 |       ||   166
       Chain mail        |       |   132 |   112 ||   244
Dodge: Dodged            |    53 |    99 |    59 ||   211
Block: Shield            |    99 |   193 |   120 ||   412

Table legend:
 A = Spawn XP
 B = Non-spawn XP
 C = Spawn XP percentage of total XP
 D = Spawn monster count
 E = Non-spawn monster count
 F = Spawn count percentage of total count
 G = Total turns spent on level
                    A         B        C        D         E        F      G
               +---------+---------+-------+---------+---------+-------+---------
         Total |       0 |    2029 |   0.0 |       0 |     169 |   0.0 |  4037
               +---------+---------+-------+---------+---------+-------+---------
           D:1 |       0 |      52 |   0.0 |       0 |      29 |   0.0 |   626
           D:2 |       0 |      67 |   0.0 |       0 |      21 |   0.0 |   809
           D:3 |       0 |     267 |   0.0 |       0 |      34 |   0.0 |   719
           D:4 |       0 |     913 |   0.0 |       0 |      66 |   0.0 |  1105
           D:5 |       0 |     289 |   0.0 |       0 |      10 |   0.0 |   545
           D:6 |       0 |     441 |   0.0 |       0 |       9 |   0.0 |   233
               +---------+---------+-------+---------+---------+-------+---------
